 Dungeon Crawl Stone Soup version 0.31-a0-924-ge39a22a033 (webtiles) character file.

Game seed: 7861305514220531520

11 Pixllover the Digger (level 2, 9/15 HPs)
             Began as a Gargoyle Earth Elementalist on Oct 18, 2023.
             Was a Follower of Uskayaw.
             Got out of the dungeon alive.
             The game lasted 00:01:30 (284 turns).

Pixllover the Digger (Gargoyle Earth Elementalist)   Turns: 284, Time: 00:01:31

Health: 9/15       AC:  4    Str: 11    XL:     2   Next: 25%
Magic:  5/5        EV: 12    Int: 15    God:    Uskayaw [*.....]
Gold:   34         SH:  0    Dex: 10    Spells: 4/5 levels left

rFire   . . .        c - +1 short sword (flame)
rCold   . . .        (no shield)
rNeg    + . .        a - +0 robe
rPois   ∞            (no helmet)
rElec   +            (no cloak)
rCorr   .            (no gloves)
SInv    .            (no boots)
Will    .....        (no amulet)
Stlth   ++           (no ring)
HPRegen 0.22/turn    (no ring)
MPRegen 0.09/turn

%: no passive effects
@: no status effects
A: sickness immunity, AC +2, negative energy resistance 1, electricity
resistance, torment resistance 1, petrification resistance
a: Renounce Religion, Stomp


You escaped.
You worshipped Uskayaw.
Uskayaw was noncommittal.
You visited 1 branch of the dungeon, and saw 1 of its levels.

You collected 34 gold pieces.

Inventory:

Hand Weapons
 c - a +1 short sword of flaming (weapon)
Armour
 a - a +0 robe (worn)
Potions
 b - a potion of magic


   Skills:
 + Level 1.7 Dodging
 + Level 2.6 Stealth
 + Level 2.1 Spellcasting
 + Level 0.7 Transmutations
 + Level 3.9 Earth Magic


You had 4 spell levels left.
You knew the following spells:

 Your Spells              Type           Power      Damage    Failure   Level
a - Sandblast             Erth           26%        2d8       4%          1

Your spell library contained the following spells:

 Spells                   Type           Power      Damage    Failure   Level
 Passwall                 Tmut/Erth      6%         N/A       13%         2
 Summon Small Mammal      Summ           4%         N/A       22%         1
 Stone Arrow              Conj/Erth      14%        3d7       28%         3
 Call Canine Familiar     Summ           1%         N/A       54%         3
 Gell's Gravitas          Tloc           1%         N/A       54%         3
 Summon Guardian Golem    Hex/Summ       1%         N/A       54%         3
 Teleport Other           Tloc           1%         N/A       54%         3
 Petrify                  Tmut/Erth      8%         N/A       63%         4
 Brom's Barrelling Bould  Conj/Erth      7%         2d3       67%         4
 Dispersal                Tloc           0%         N/A       100%        6


Dungeon Overview and Level Annotations

Branches:
Dungeon (1/15)

Altars:
Uskayaw


Innate Abilities, Weirdness & Mutations

You are immune to sickness and miasma.
Your stone body is resilient. (AC +2)
You are immune to poison.
You resist negative energy. (rN+)
You are resistant to electric shocks. (rElec)
You are resistant to unholy torment.
You are immune to petrification.


Message History

You add the spells Gell's Gravitas, Teleport Other and Dispersal to your library.
The goblin hits you but does no damage. The goblin attacks as it pursues you!
The goblin hits you but does no damage. The goblin attacks as it pursues you!
The goblin hits you but does no damage. The goblin hits you with a +0 club.
The goblin attacks as it pursues you! The goblin hits you with a +0 club.
The goblin attacks as it pursues you! The goblin barely misses you.
The goblin barely misses you. The goblin attacks as it pursues you!
The goblin closely misses you. The goblin attacks as it pursues you!
The goblin hits you with a +0 club. The goblin attacks as it pursues you!
The goblin misses you. The goblin attacks as it pursues you!
The goblin closely misses you. The goblin attacks as it pursues you!
The goblin closely misses you. The goblin attacks as it pursues you!
The goblin misses you. The goblin closely misses you.
The goblin hits you but does no damage.
You see here a frilled lizard corpse.
The goblin barely misses you. The goblin attacks as it pursues you!
The goblin closely misses you. The goblin hits you with a +0 club.
The goblin attacks as it pursues you! The goblin hits you with a +0 club.
The goblin attacks as it pursues you! The goblin closely misses you.
The goblin misses you. The goblin attacks as it pursues you!
The goblin barely misses you. The goblin attacks as it pursues you!
The goblin hits you but does no damage. The goblin attacks as it pursues you!
The goblin hits you but does no damage.
There is a stone staircase leading down here.
The goblin attacks as it pursues you! The goblin hits you with a +0 club.
The goblin hits you with a +0 club. The goblin attacks as it pursues you!
The goblin closely misses you. The goblin attacks as it pursues you!
The goblin hits you with a +0 club. The goblin barely misses you.
The goblin closely misses you. The goblin attacks as it pursues you!
The goblin closely misses you.
You see here a +0 short sword.
The goblin attacks as it pursues you! The goblin closely misses you.
The goblin attacks as it pursues you! The goblin closely misses you.
There is a staircase leading out of the dungeon here.
The goblin misses you.
You have escaped!

##.#.....#####.......#.
#.#.###########.......
#...#.........#.....÷.
##..#.8.#####........#
#..#...#≈≈S#.##....##
#.##.#.#≈≈≈#.##...###
#.##.#.#≈≈≈#.##......
#.##.#.#####.#......#
#..#@#.......#.#....#
##.#g#.#####.###....#
#.#.#.#≈≈≈#.# #....#
#.#.#.#≈≈≈#.# #....#
####†#...#≈≈≈#.###....#
#....#.8.#####...#....#
#....#.).......#..>....
#..†>###########.......
#.......##........#####


You could see a goblin.

Vanquished Creatures
  A dart slug (D:1)
  A giant cockroach (D:1)
  A hobgoblin (D:1)
  A kobold (D:1)
  A ball python (D:1)
  3 bats (D:1)
  A frilled lizard (D:1)
9 creatures vanquished.

Notes
Turn   | Place    | Note
-------+----------+-------------------------------------------
     0 | D:1      | Pixllover the Gargoyle Earth Elementalist began the quest
                  | for the Orb.
     0 | D:1      | Reached XP level 1. HP: 10/10 MP: 3/3
     3 | D:1      | Noticed an electric eel
     7 | D:1      | Noticed an electric eel
    89 | D:1      | Found a faded altar of an unknown god.
   101 | D:1      | Reached XP level 2. HP: 15/15 MP: 1/5
   104 | D:1      | Prayed at the altar of an unknown god.
   104 | D:1      | Became a worshipper of Uskayaw the Reveller
   104 | D:1      | Reached * piety under Uskayaw
   117 | D:1      | Reached ** piety under Uskayaw
   284 | D:$      | Got out of the dungeon alive.

Illustrated notes

Levels and vault maps discovered:
D:1:      arrival_aquarium_b, layout_rooms, ebering_ecumenical_altar_webs

Action                     || total
---------------------------++-------
  Melee: Short sword       ||    15
   Cast: Sandblast         ||     7
 Armour: Robe              ||    68
  Dodge: Dodged            ||    83

Table legend: (Time is in decaauts)
 A = Elapsed time spent in this place.
 B = Non-inter-level travel time spent in this place.
 C = Inter-level travel time spent in this place.
 D = Time resting spent in this place.
 E = Time spent auto-exploring this place.
 F = Levels seen in this place.
 G = Mean time per level.
                   A        B        C        D        E       F      G
               +--------+--------+--------+--------+--------+-----+--------+
         Total |    287 |    287 |      0 |      0 |     32 |   1 |  287.0 |
       Dungeon |    287 |    287 |      0 |      0 |     32 |   1 |  287.0 |
               +--------+--------+--------+--------+--------+-----+--------+

Top non-repeatable levels by time:
     D:1: 287 daAuts
